 Dungeon Crawl Stone Soup version 0.28.0-1-gb440e238dd (webtiles) character file.

Game seed: 16364043024720480013

15 fknight the Chopper (level 2, 0/27 HPs)
             Began as a Hill Orc Monk on Feb 27, 2022.
             Killed from afar by Natasha (5 damage)
             ... with a magic dart
             ... on level 2 of the Dungeon.
             The game lasted 00:02:03 (754 turns).

fknight the Chopper (Hill Orc Monk)                  Turns: 754, Time: 00:02:04

Health: 0/27       AC:  3    Str: 13    XL:     2   Next: 50%
Magic:  2/2        EV: 12    Int: 10    God:
Gold:   13         SH:  0    Dex: 13    Spells: 1/1 levels left

rFire   . . .      SeeInvis .   a - +0 hand axe (freeze)
rCold   . . .      Faith    .   (no shield)
rNeg    . . .      Spirit   .   d - +0 leather armour
rPois   .          Reflect  .   (no helmet)
rElec   .          Harm     .   (no cloak)
rCorr   .          Rampage  .   (no gloves)
Will    .....                   (no boots)
Stlth   ++........              (no amulet)
HPRegen 0.09/turn               (no ring)
MPRegen 0.08/turn               (no ring)

@: slowed, very slow
A: no striking features
a: no special abilities


You were on level 2 of the Dungeon.
You visited 1 branch of the dungeon, and saw 2 of its levels.

You collected 13 gold pieces.

Inventory:

Hand Weapons
 a - a +0 hand axe of freezing (weapon)
 g - a +1 dagger of flaming
Missiles
 c - 2 javelins
 f - 47 stones (quivered)
Armour
 b - a +0 robe
 d - a +0 leather armour (worn)
Magical Staves
 j - a staff of earth
Jewellery
 i - a +6 ring of intelligence
Scrolls
 e - 2 scrolls of brand weapon
 h - a scroll of identify


   Skills:
 + Level 3.9 Fighting
 + Level 4.3 Axes
 + Level 2.6 Dodging
 + Level 1.8 Stealth


You had one spell level left.
You didn't know any spells.
Your spell library was empty.

Dungeon Overview and Level Annotations

Branches:
Dungeon (2/15)

Altars:

Annotations:
D:2 Natasha


Message History

Natasha casts a spell at you. The magic dart hits you.
Natasha stares at you and mumbles some strange words.
The magic dart hits you.
Natasha mumbles some strange words.
You miss Natasha.
Natasha stares at you and mumbles some strange words.
You resist with significant effort.
You hit Natasha. You freeze Natasha.
Natasha is lightly wounded.
Natasha growls.
Natasha stares at you and mumbles some strange words.
You feel yourself slow down.
You closely miss Natasha.
Natasha is lightly wounded.
Natasha barely misses you.
Natasha mumbles some strange words.
You barely miss Natasha.
Natasha is lightly wounded.
You hit the white imp but do no damage. Natasha closely misses you.
The white imp barely misses you.
You completely miss Natasha.
Natasha is lightly wounded.
You hit the white imp but do no damage. Natasha claws you.
The white imp barely misses you. Natasha claws you but does no damage.
The white imp hits you. The white imp freezes you.
You closely miss Natasha.
Natasha is lightly wounded.
You hit the white imp but do no damage. Natasha claws you but does no damage.
The white imp grins evilly.
The white imp closely misses you.
You closely miss Natasha.
Natasha is lightly wounded.
You hit the white imp but do no damage.
Natasha mumbles some strange words.
The white imp gestures at you. The puff of frost hits you!
* * * LOW HITPOINT WARNING * * *
Natasha stares at you and mumbles some strange words.
The magic dart hits you.
You die...

.. #. #... #. #... #
#. #..
####.#.#######..
........##.. ..# #.
#.##.# #.#
#..#.##.##5###.##
...........@h5..#
#..##.#.##5###..#
###..##.#†##.# #..#
........†<##.. ....#
#######.########.....
#.# #...### #.# ##.##
#.# #.# #.#


You could see Natasha, 2 crimson imps and a white imp (summoned).

Vanquished Creatures
  A dart slug (D:1)
  A ball python (D:1)
  2 giant cockroaches (D:1)
  3 goblins (D:1)
  A kobold (D:1)
  3 frilled lizards
  2 rats
13 creatures vanquished.

Notes
Turn   | Place    | Note
-------+----------+-------------------------------------------
     0 | D:1      | fknight the Hill Orc Monk began the quest for the Orb.
     0 | D:1      | Reached XP level 1. HP: 19/19 MP: 1/1
   337 | D:1      | Reached XP level 2. HP: 25/27 MP: 2/2
   739 | D:2      | Noticed Natasha
   747 | D:2      | Noticed a crimson imp
   754 | D:2      | Killed from afar by Natasha

Illustrated notes

Levels and vault maps discovered:
D:1:      saegor_arrival_simple_e, layout_rooms
D:2:      layout_loops_cross, basic_altar, serial_shops, shop,
          hellmonk_ecumenical_altar_defaced_shrine, minmay_domino_2,
          uniq_natasha

Action                   || total
-------------------------++-------
Melee: Hand axe          ||    53
Throw: Stone             ||    14
  Use: Scroll            ||     2
Armor: Robe              ||     3
       Leather armour    ||     8
Dodge: Dodged            ||    26
